[Event "Titled Tuesday Blitz June 20 Early 2023"]
[White "Bharath Subramaniyam H"]
[Black "Przybylski, Wojciech"]
[WhiteFideId "46634827"]
[BlackFideId "1117599"]
[WhiteElo "2400"]
[BlackElo "2228"]
[Result "1-0"]
[Round "1"]
[TimeControl "180+2"]
[Date "2023.06.20"]
[WhiteClock "0:01:27"]
[BlackClock "0:00:02"]
[Board "47"]

1. b3 e5 2. Bb2 Nc6 3. c4 Nf6 4. e3 Be7 5. a3 a5 6. Qc2 O-O 7. Nc3 d6 8. Nf3 Be6 9. Be2 Qd7 10. O-O h6 11. d4 exd4 12. exd4 d5 13. Ne5 Qc8 14. Rad1 Rd8 15. Bf3 Bf5 16. Qe2 Bd6 17. cxd5 Ne7 18. Nc4 Qd7 19. Rfe1 Re8 20. Ne5 Qc8 21. Qc4 Ng6 22. Nb5 Nf4 23. g3 Ng6 24. Rc1 Bd7 25. Nxc7 Bxc7 26. Qxc7 Bf5 27. Qxf7+ Kh7 28. Rxc8 Raxc8 29. d6 1-0


[Site "https://www.chess.com"]

[Event "Titled Tuesday Blitz June 20 Early 2023"]
[White "De La Villa Garcia, Jesus Maria"]
[Black "Jones, Gawain C B"]
[WhiteFideId "2200040"]
[BlackFideId "409561"]
[WhiteElo "2490"]
[BlackElo "2645"]
[Result "0-1"]
[Round "1"]
[TimeControl "180+2"]
[Date "2023.06.20"]
[WhiteClock "0:00:43"]
[BlackClock "0:00:09"]
[Board "48"]

1. c4 Nf6 2. Nc3 g6 3. g3 Bg7 4. Bg2 O-O 5. Nf3 d6 6. d4 c5 7. O-O Nc6 8. dxc5 dxc5 9. Bf4 Nh5 10. Be3 b6 11. Qa4 Bd7 12. Qb3 Nd4 13. Qd1 Nf5 14. Bd2 Nd4 15. Nxd4 cxd4 16. Nd5 Rc8 17. Rc1 e6 18. Nf4 Nxf4 19. Bxf4 e5 20. Bd2 Bc6 21. Bxc6 Rxc6 22. Qa4 Qc7 23. b3 e4 24. Rcd1 Rc8 25. Qa6 Qd7 26. Qb5 Qh3 27. Qd5 Re6 28. Bf4 h6 29. Rxd4 Kh7 30. Rxe4 Rc5 31. Qd3 Rh5 32. g4 Qxg4+ 33. Kh1 Rxe4 34. Qxe4 Be5 35. Qf3 Qxf3+ 36. exf3 Bxf4 37. Rd1 Rxh2+ 38. Kg1 Rh5 39. Rd7 Rf5 40. Rxa7 Kg7 41. Rb7 Rf6 42. a4 h5 43. b4 Bd2 44. c5 Bxb4 45. cxb6 Ba5 46. Rb8 Bxb6 47. Kg2 Ba5 48. Rb5 Rf5 49. Rb3 Rg5+ 50. Kh3 Rf5 51. Kg2 Kf6 52. Rd3 Kg5 53. Rd6 h4 54. Rd3 Kh5 55. Rb3 Rg5+ 56. Kh3 Rf5 57. Kg2 f6 58. Rd3 Rg5+ 59. Kh3 Rf5 60. Kg2 Bb6 61. Rb3 Rg5+ 62. Kf1 Bc7 63. Rc3 Be5 64. Ra3 h3 65. f4 Bxf4 66. Rxh3+ Kg4 67. Ra3 Ra5 68. Ra2 Kf3 69. Ra3+ Ke4 70. Ke2 Bd6 71. Ra2 Kd4 72. Kf3 f5 73. Ra1 g5 74. Ke2 Ke5 75. Kd3 Kd5 76. Kc3 Be5+ 77. Kb4 Bxa1 78. Kxa5 Kc5 79. Ka6 Bd4 80. Kb7 Bxf2 81. a5 Kd5 82. a6 g4 83. a7 Bxa7 84. Kxa7 g3 0-1


[Site "https://www.chess.com"]

[Event "Titled Tuesday Blitz June 20 Early 2023"]
[White "Moroni, Luca Jr"]
[Black "Rios Escobar, Adan"]
[WhiteFideId "865834"]
[BlackFideId "3403645"]
[WhiteElo "2569"]
[BlackElo "2488"]
[Result "1-0"]
[Round "1"]
[TimeControl "180+2"]
[Date "2023.06.20"]
[WhiteClock "0:01:14"]
[BlackClock "0:00:05"]
[Board "49"]

1. d4 Nf6 2. Bf4 b6 3. e3 Bb7 4. Nf3 g6 5. h3 Bg7 6. Nbd2 d6 7. c3 O-O 8. Bh2 Nbd7 9. Be2 Ne4 10. O-O a5 11. a4 Qe8 12. Qc2 Ndf6 13. Bb5 Qc8 14. Rfe1 h6 15. Bd3 Nxd2 16. Nxd2 Qe8 17. e4 e5 18. dxe5 dxe5 19. Rad1 Nh5 20. Nc4 Nf4 21. Bxf4 exf4 22. e5 Rd8 23. e6 Rxd3 24. Qxd3 Qc6 25. f3 fxe6 26. Qxg6 e5 27. Nxe5 Qxg6 28. Nxg6 Rf6 29. Ne7+ Kf7 30. Rd7 Rd6 31. Rxc7 Ba6 32. Nf5+ Kf6 33. Nxd6 Bf8 34. Rf7+ Kg6 35. Re6+ Kh5 36. Rf5+ Kh4 37. Rxf4+ Kg5 38. Rf5+ Kh4 39. Re4+ Kg3 40. Rg4# 1-0


[Site "https://www.chess.com"]

[Event "Titled Tuesday Blitz June 20 Early 2023"]
[White "Vyatkin, Dmitry"]
[Black "Drozdowski, Kacper"]
[WhiteFideId "4171900"]
[BlackFideId "1136720"]
[WhiteElo "2279"]
[BlackElo "2497"]
[Result "1/2-1/2"]
[Round "1"]
[TimeControl "180+2"]
[Date "2023.06.20"]
[WhiteClock "0:00:07"]
[BlackClock "0:00:13"]
[Board "50"]

1. d4 Nf6 2. c4 e6 3. g3 Bb4+ 4. Bd2 Qe7 5. Bg2 O-O 6. e4 Bxd2+ 7. Qxd2 d6 8. Ne2 e5 9. Nbc3 Nc6 10. O-O Bg4 11. f3 Bd7 12. Rfd1 exd4 13. Nxd4 Nxd4 14. Qxd4 Bc6 15. Rac1 Rfe8 16. Nd5 Bxd5 17. cxd5 Red8 18. Bh3 a6 19. Rc3 Ne8 20. Rdc1 Qe5 21. Qxe5 dxe5 22. Rxc7 Nxc7 23. Rxc7 Kf8 24. Kf2 Rab8 25. Ke3 Rd6 26. f4 Rh6 27. Bc8 exf4+ 28. gxf4 Ke8 29. Bxb7 Rxh2 30. d6 Rxb2 31. d7+ Kd8 32. Rc8+ Kxd7 33. Rxb8 Kc7 34. Rf8 Rxb7 35. Rxf7+ Kc6 36. Rf8 Kd6 37. Ra8 Ke7 38. Rxa6 h5 39. Kf3 Kf7 40. f5 Rb1 41. a4 Rf1+ 42. Ke2 Rg1 43. e5 h4 44. Ra7+ Kf8 45. Rb7 Rg5 46. f6 Rxe5+ 47. Kd3 gxf6 48. Rh7 Rd5+ 49. Kc4 Ra5 50. Kb4 Rd5 51. Rxh4 Kf7 52. a5 Kg6 53. a6 Rd8 54. Kb5 Kg5 55. Rh1 f5 56. a7 Ra8 57. Kb6 f4 58. Kb7 Rxa7+ 59. Kxa7 f3 60. Kb6 Kf4 61. Kc5 Ke3 62. Kd5 f2 63. Ke5 Ke2 64. Kf4 f1=Q+ 65. Rxf1 Kxf1 1/2-1/2


[Site "https://www.chess.com"]

[Event "Titled Tuesday Blitz June 20 Early 2023"]
[White "Ahmadzada, Ahmad"]
[Black "ArchibaldCerveza29"]
[WhiteFideId "13413007"]
[WhiteElo "2388"]
[BlackElo "2483"]
[Result "1-0"]
[Round "1"]
[TimeControl "180+2"]
[Date "2023.06.20"]
[WhiteClock "0:01:29"]
[BlackClock "0:00:19"]
[Board "51"]

1. Nf3 d5 2. g3 Nf6 3. Bg2 e6 4. c4 Be7 5. O-O O-O 6. b3 c5 7. Bb2 d4 8. e3 Nc6 9. exd4 cxd4 10. Re1 Re8 11. d3 Bf8 12. a3 a5 13. Ne5 Nxe5 14. Rxe5 Bd6 15. Re1 e5 16. Nd2 Bg4 17. Qc2 Qc7 18. Ne4 Be7 19. Qd2 Bf5 20. Nxf6+ Bxf6 21. b4 axb4 22. axb4 h6 23. Bd5 Qb6 24. b5 Qc5 25. Bxb7 Rxa1 26. Rxa1 e4 27. dxe4 Bxe4 28. Re1 Bxb7 29. Rxe8+ Kh7 30. Qd3+ g6 31. Rb8 Qc7 32. Rxb7 Qxb7 33. c5 Qd5 34. c6 Qc5 35. Ba3 Qb6 36. Qc4 Qa5 37. Bb4 Qa1+ 38. Kg2 Qa8 39. b6 Qe8 40. c7 Qe4+ 41. f3 Qb1 42. Qxf7+ Bg7 43. c8=Q Qb2+ 44. Kh3 1-0


[Site "https://www.chess.com"]

[Event "Titled Tuesday Blitz June 20 Early 2023"]
[White "Delorme, Axel"]
[Black "Pichot, Alan"]
[WhiteFideId "632023"]
[BlackFideId "110973"]
[WhiteElo "2478"]
[BlackElo "2573"]
[Result "0-1"]
[Round "1"]
[TimeControl "180+2"]
[Date "2023.06.20"]
[WhiteClock "0:00:05"]
[BlackClock "0:00:11"]
[Board "52"]

1. e4 c5 2. Nf3 d6 3. Bb5+ Nd7 4. Ba4 Nf6 5. O-O a6 6. c4 e6 7. Nc3 b6 8. d4 cxd4 9. Nxd4 Bb7 10. Re1 Be7 11. Nc6 Bxc6 12. Bxc6 Rc8 13. Qa4 O-O 14. Bxd7 Nxd7 15. Qxa6 Qc7 16. Bf4 Qxc4 17. Qxc4 Rxc4 18. Rad1 Ne5 19. Bxe5 dxe5 20. Rd3 Bc5 21. Red1 Bd4 22. Kf1 g6 23. f3 Rfc8 24. Nb5 Bxb2 25. Nd6 Bd4 26. Nxc8 Rxc8 27. Ke2 Rc2+ 28. R3d2 Rc5 29. Rb1 Ra5 30. Rc2 Kg7 31. Kd3 Kf6 32. g3 Bc5 33. Kc4 Kg5 34. Rd1 Ra4+ 35. Kb5 Ra3 36. Rf1 f5 37. Kc6 Ra4 38. Re2 Kf6 39. Rd1 Bd4 40. Rf1 Rc4+ 41. Kb5 Rc5+ 42. Kb4 Rc8 43. a4 g5 44. g4 h5 45. h3 Rc7 46. a5 Bc3+ 47. Kb5 bxa5 48. exf5 exf5 49. Rc2 Rb7+ 50. Kc6 Rb3 51. Rfc1 Bb4 52. Kd5 Rd3+ 53. Kc4 Rxf3 54. Kb5 fxg4 55. Rc6+ Kf5 56. hxg4+ hxg4 57. Rc8 g3 58. R1c7 g2 59. Rf7+ Kg4 60. Rc4+ Rf4 0-1


[Site "https://www.chess.com"]

[Event "Titled Tuesday Blitz June 20 Early 2023"]
[White "Bacrot, Etienne"]
[Black "Morgunov, Anatoly"]
[WhiteFideId "605506"]
[BlackFideId "4145909"]
[WhiteElo "2672"]
[BlackElo "2237"]
[Result "1-0"]
[Round "1"]
[TimeControl "180+2"]
[Date "2023.06.20"]
[WhiteClock "0:00:26"]
[BlackClock "0:00:05"]
[Board "53"]

1. e4 e6 2. d4 d5 3. Nd2 c5 4. exd5 Qxd5 5. Ngf3 cxd4 6. Bc4 Qd6 7. O-O Nc6 8. Nb3 Nf6 9. Nbxd4 Nxd4 10. Qxd4 Qxd4 11. Nxd4 Bd7 12. Bf4 a6 13. Rfd1 Rc8 14. Be2 Bc5 15. c3 O-O 16. Be5 Bxd4 17. Rxd4 Bc6 18. Rad1 Nd5 19. c4 Nb6 20. b3 f6 21. Bd6 Rfd8 22. Bg4 Kf7 23. Kf1 Nd7 24. Ba3 f5 25. Bh5+ g6 26. Bf3 Ke8 27. Rd6 Bxf3 28. Rxe6+ Kf7 29. Re7+ Kf6 30. Rdxd7 Rxd7 31. Rxd7 Bc6 32. Rxh7 Re8 33. Bb2+ Ke6 34. Rg7 Be4 35. Rxg6+ Kf7 36. Rg7+ Kf8 37. Rd7 Re6 38. f3 Bc6 39. Rd2 Rg6 40. Kf2 Kf7 41. Be5 Re6 42. Bf4 b5 43. cxb5 Bxb5 44. h4 Rc6 45. h5 Rc8 46. g4 fxg4 47. fxg4 Rf8 48. Kg3 Ke6 49. Rf2 Rh8 50. Bc1 Bd3 51. Bb2 Rh7 52. Rf3 Bb1 53. a4 Kd7 54. Kh4 Bc2 55. Re3 Kd6 56. g5 Bf5 57. Rg3 Bc2 58. g6 Bxg6 59. Rxg6+ Kd5 60. Rg7 Rh6 61. Kg5 Rh8 62. Rd7+ Ke4 63. Bxh8 Kf3 64. Rd4 a5 65. h6 Kf2 66. h7 Kg2 67. Bg7 Kh3 68. h8=Q+ Kg2 69. b4 Kf1 70. Qh2 axb4 71. Rd1# 1-0


[Site "https://www.chess.com"]

[Event "Titled Tuesday Blitz June 20 Early 2023"]
[White "Papayan, Oleg"]
[Black "Grigoriants, Sergey"]
[WhiteFideId "4193911"]
[BlackFideId "4130804"]
[WhiteElo "2167"]
[BlackElo "2502"]
[Result "0-1"]
[Round "1"]
[TimeControl "180+2"]
[Date "2023.06.20"]
[WhiteClock "0:00:36"]
[BlackClock "0:00:12"]
[Board "54"]

1. e4 c5 2. d4 cxd4 3. Qxd4 Nc6 4. Qd3 Nf6 5. Nc3 d6 6. Nf3 g6 7. Be2 Bg7 8. O-O O-O 9. Nd5 Bg4 10. c3 Rb8 11. Bg5 Nd7 12. Rad1 h6 13. Bh4 Bxf3 14. Qxf3 g5 15. Bg3 b5 16. h4 Nce5 17. Qe3 e6 18. Nb4 a5 19. Nc2 Nc5 20. hxg5 hxg5 21. f4 gxf4 22. Bxf4 Qe7 23. Nd4 b4 24. Bxe5 Bxe5 25. Nc6 Qh4 26. Nxe5 dxe5 27. Qd4 exd4 28. cxd4 Nxe4 0-1


[Site "https://www.chess.com"]

[Event "Titled Tuesday Blitz June 20 Early 2023"]
[White "Xu, Yi"]
[Black "Baches Garcia, Guillermo"]
[WhiteFideId "8605564"]
[BlackFideId "2209764"]
[WhiteElo "2460"]
[BlackElo "2480"]
[Result "1-0"]
[Round "1"]
[TimeControl "180+2"]
[Date "2023.06.20"]
[WhiteClock "0:00:22"]
[BlackClock "0:00:00"]
[Board "55"]

1. d4 d5 2. c4 e6 3. Nf3 h6 4. g3 Nf6 5. Bg2 Bd6 6. O-O O-O 7. c5 Be7 8. b4 b6 9. Bb2 a5 10. a3 axb4 11. axb4 Rxa1 12. Bxa1 Nc6 13. Qa4 Bd7 14. b5 Na5 15. c6 Be8 16. Bc3 Nc4 17. Nbd2 Nxd2 18. Nxd2 Bd6 19. Ra1 h5 20. Bb4 h4 21. Qa3 Bxb4 22. Qxb4 hxg3 23. hxg3 Ng4 24. Ra7 f5 25. e3 Bh5 26. Nf3 g5 27. Ne5 Nxe5 28. dxe5 f4 29. exf4 gxf4 30. gxf4 Rf7 31. Qa3 Rg7 32. Ra8 1-0


[Site "https://www.chess.com"]

[Event "Titled Tuesday Blitz June 20 Early 2023"]
[White "Akhmedinov, Satbek"]
[Black "Timofeev, Artyom"]
[WhiteFideId "13714287"]
[BlackFideId "4140419"]
[WhiteElo "1998"]
[BlackElo "2570"]
[Result "1-0"]
[Round "1"]
[TimeControl "180+2"]
[Date "2023.06.20"]
[WhiteClock "0:02:05"]
[BlackClock "0:00:34"]
[Board "56"]

1. e4 e5 2. Nf3 d5 3. exd5 e4 4. Qe2 Nf6 5. Nc3 Be7 6. Nxe4 Nxd5 7. g3 O-O 8. Bg2 Nc6 9. O-O Bg4 10. c3 f5 11. Neg5 Bxg5 12. Qe6+ Kh8 13. Nxg5 Qxg5 14. Qxd5 Qg6 15. h3 Be2 16. Re1 Rad8 17. Qb3 Ba6 18. d4 f4 19. Bxf4 Rxf4 20. gxf4 Rd6 21. Qc2 Qf7 22. Qf5 Qg8 23. Re3 h6 24. Rae1 Rd8 25. Qg6 Rd6 26. Qxd6 cxd6 27. Re8 Bc4 28. Rxg8+ Kxg8 29. Re8+ Kf7 30. Ra8 d5 31. b3 1-0


[Site "https://www.chess.com"]

[Event "Titled Tuesday Blitz June 20 Early 2023"]
[White "Elsa167"]
[Black "Mattheii"]
[WhiteElo "2850"]
[BlackElo "2477"]
[Result "1-0"]
[Round "1"]
[TimeControl "180+2"]
[Date "2023.06.20"]
[WhiteClock "0:01:30"]
[BlackClock "0:00:25"]
[Board "57"]

1. e4 c5 2. Nf3 Nc6 3. Bc4 d6 4. O-O g6 5. c3 Bg7 6. d4 cxd4 7. cxd4 Nf6 8. d5 Nb8 9. Nc3 O-O 10. h3 a6 11. a4 Nbd7 12. Be3 Ne8 13. Bd4 Bxd4 14. Qxd4 f6 15. a5 Ne5 16. Nd2 Bd7 17. Be2 Rc8 18. f4 Nf7 19. Nc4 Nc7 20. Nb6 Rb8 21. Rac1 Qe8 22. b4 Bb5 23. Nxb5 Nxb5 24. Bxb5 Qxb5 25. Rc7 Rfe8 26. Rfc1 Qe2 27. R7c2 Qb5 28. Qc4 Qxc4 29. Rxc4 e5 30. Nd7 exf4 31. Nxb8 Rxb8 32. Rc8+ Rxc8 33. Rxc8+ Kg7 34. Rc7 g5 35. Rxb7 Kg6 36. b5 1-0


[Site "https://www.chess.com"]

[Event "Titled Tuesday Blitz June 20 Early 2023"]
[White "Luna Javier, Edgar Froylan"]
[Black "Ilamparthi A R"]
[WhiteFideId "5120101"]
[BlackFideId "45015775"]
[WhiteElo "2091"]
[BlackElo "2348"]
[Result "0-1"]
[Round "1"]
[TimeControl "180+2"]
[Date "2023.06.20"]
[WhiteClock "0:00:03"]
[BlackClock "0:00:29"]
[Board "58"]

1. d4 Nf6 2. c4 g6 3. Nc3 Bg7 4. e4 d6 5. f3 O-O 6. Be3 c5 7. Nge2 Nc6 8. Qd2 cxd4 9. Nxd4 Nxd4 10. Bxd4 Be6 11. Be2 Rc8 12. b3 Nd7 13. Bxg7 Kxg7 14. Qd4+ Kg8 15. O-O a6 16. Rac1 Qa5 17. Rfd1 f5 18. Bd3 Qc5 19. Qf2 f4 20. Be2 Qe5 21. Rd2 b5 22. Qd4 bxc4 23. bxc4 Qxd4+ 24. Rxd4 Ne5 25. Na4 Rc6 26. c5 Rfc8 27. Rb4 dxc5 28. Rb7 Kf8 29. Nb6 Rd8 30. Bxa6 Rdd6 31. Rb1 c4 32. Rb8+ Kf7 33. a4 c3 34. a5 c2 0-1


[Site "https://www.chess.com"]

[Event "Titled Tuesday Blitz June 20 Early 2023"]
[White "Donchenko, Alexander"]
[Black "Flynn, Jacob"]
[WhiteFideId "24603295"]
[BlackFideId "2509393"]
[WhiteElo "2554"]
[BlackElo "2053"]
[Result "1-0"]
[Round "1"]
[TimeControl "180+2"]
[Date "2023.06.20"]
[WhiteClock "0:00:11"]
[BlackClock "0:01:02"]
[Board "59"]

1. d4 d5 2. c4 e6 3. Nf3 Nf6 4. g3 dxc4 5. Bg2 c5 6. O-O Nc6 7. Ne5 Bd7 8. Na3 cxd4 9. Naxc4 Be7 10. Qb3 Qc7 11. Bf4 Nd5 12. Bxd5 exd5 13. Nxc6 Qxc6 14. Ne5 Qb5 15. Qf3 Be6 16. a4 Qa5 17. Rfd1 O-O 18. Rxd4 Rac8 19. Bd2 Qb6 20. Bc3 Bf6 21. Rd2 Rxc3 22. Qxc3 d4 23. Qxd4 Qxd4 24. Rxd4 Bxe5 25. Rb4 b6 26. a5 Bd6 27. Rd4 Bc5 28. Rdd1 bxa5 29. Rxa5 Bb6 30. Raa1 Rc8 31. Rac1 Rxc1 32. Rxc1 Kf8 33. Kf1 Ke7 34. f3 Kd6 35. e4 Bc5 36. Ke2 a5 37. Kd3 Bb4 38. f4 Bd7 39. Kd4 f6 40. Rc2 Bb5 41. Rc8 Be1 42. Rg8 Bf2+ 43. Kc3 Bg1 44. h4 g6 45. h5 gxh5 46. Rg7 Bf2 47. Kd2 a4 48. Kd1 Ke6 49. Rxh7 Bxg3 50. Rxh5 Bc4 51. e5 Bxf4 52. exf6 Kxf6 53. Kc2 Bb3+ 54. Kb1 Be5 55. Rh3 Ke6 56. Rxb3 axb3 57. Kc1 Bf4+ 58. Kb1 Kd5 59. Ka1 Ke4 60. Kb1 Kd3 61. Ka1 Bd6 62. Kb1 Kd2 63. Ka1 Ba3 64. Kb1 Kd1 65. bxa3 1-0


[Site "https://www.chess.com"]

[Event "Titled Tuesday Blitz June 20 Early 2023"]
[White "Santos Flores, Alberto"]
[Black "Chigaev, Maksim"]
[WhiteFideId "3601234"]
[BlackFideId "4108116"]
[WhiteElo "2235"]
[BlackElo "2561"]
[Result "0-1"]
[Round "1"]
[TimeControl "180+2"]
[Date "2023.06.20"]
[WhiteClock "0:00:29"]
[BlackClock "0:00:42"]
[Board "60"]

1. e4 e6 2. d4 d5 3. Nc3 Nf6 4. e5 Nfd7 5. Nce2 c5 6. c3 Nc6 7. Nf3 b5 8. a3 a5 9. Nf4 Rb8 10. h4 Be7 11. Bd3 b4 12. axb4 axb4 13. Rh3 c4 14. Bb1 b3 15. Rg3 g6 16. Ng5 Nf8 17. Qf3 Bxg5 18. hxg5 h5 19. gxh6 Rxh6 20. Nh3 Rh5 21. Rg5 Rh7 22. Rg4 Bd7 23. Bg5 Ra8 24. Bxd8 Rxa1 25. Bh4 Rxb1+ 26. Ke2 Rxb2+ 27. Ke3 Rc2 28. Qd1 Rxc3+ 29. Ke2 Rc2+ 30. Ke3 Rc3+ 31. Ke2 b2 32. Qb1 Rb3 33. Rg3 Nxd4+ 34. Kd2 Rxh4 35. Rxb3 Nxb3+ 36. Kc3 Nc5 37. Kxb2 Bc6 38. Qa1 Nfd7 39. Qa7 Rd4 40. Qc7 Rd2+ 41. Kb1 c3 42. Qxc6 Rb2+ 43. Kc1 Nd3+ 44. Kd1 Rd2# 0-1


[Site "https://www.chess.com"]

[Event "Titled Tuesday Blitz June 20 Early 2023"]
[White "Kobo, Ori"]
[Black "Ljukin, Sergei"]
[WhiteFideId "2812320"]
[BlackFideId "14102200"]
[WhiteElo "2454"]
[BlackElo "2312"]
[Result "0-1"]
[Round "1"]
[TimeControl "180+2"]
[Date "2023.06.20"]
[WhiteClock "0:00:12"]
[BlackClock "0:00:09"]
[Board "61"]

1. e4 e6 2. d4 d5 3. Nc3 Bb4 4. Ne2 Nc6 5. a3 Ba5 6. b4 Bb6 7. e5 f6 8. b5 Na5 9. Na4 fxe5 10. Nxb6 axb6 11. dxe5 Ne7 12. Nd4 c5 13. bxc6 bxc6 14. Bd3 O-O 15. Qh5 g6 16. Qg5 c5 17. Nb5 c4 18. Be2 Nf5 19. g4 Ne7 20. h4 Nec6 21. f4 Qxg5 22. hxg5 Ba6 23. Nd6 Nd4 24. Bd1 c3 25. Be3 Nb5 26. Nxb5 Bxb5 27. Rb1 Ba6 28. Be2 Bxe2 29. Kxe2 Nc4 30. Rb3 Rxa3 31. Rhb1 d4 32. Bc1 Ra2 33. Kd3 Nb2+ 34. Kxd4 Na4 35. Ra3 Rxa3 36. Bxa3 Rxf4+ 37. Ke3 Rxg4 38. Rf1 Rxg5 39. Rf8+ Kg7 40. Kd4 Rg4+ 41. Ke3 Rg5 42. Kd4 Rg4+ 43. Kd3 Rg5 44. Ra8 Nc5+ 45. Kd4 Rg4+ 46. Kxc3 Re4 47. Ra7+ Kh6 48. Bc1+ Kh5 49. Rxh7+ Kg4 50. Rg7 Kf5 51. Kd2 Kxe5 52. Bb2+ Kf5 53. Rc7 Ra4 54. Rf7+ Kg5 55. Bf6+ Kh5 56. Rh7+ Kg4 57. Rh4+ Kf5 58. Rxa4 Nxa4 59. Bd8 b5 60. Kd3 Nc5+ 61. Kd4 Na6 62. Ba5 g5 63. Be1 Kf4 64. Bd2+ Kf5 65. Be1 g4 66. Bg3 Nb4 67. c3 Na2 68. Kd3 e5 69. Kc2 e4 70. Kb2 e3 71. Kxa2 Ke4 72. Kb3 Kf3 73. Bh4 g3 74. Bxg3 Kxg3 75. Kb4 e2 76. Kxb5 e1=Q 77. c4 Qe7 78. c5 Qc7 79. c6 Kf4 80. Kc5 Ke5 0-1


[Site "https://www.chess.com"]

[Event "Titled Tuesday Blitz June 20 Early 2023"]
[White "Kokoszczynski, Jan"]
[Black "Kovalenko, Igor"]
[WhiteFideId "1174460"]
[BlackFideId "14117908"]
[WhiteElo "2139"]
[BlackElo "2574"]
[Result "1-0"]
[Round "1"]
[TimeControl "180+2"]
[Date "2023.06.20"]
[WhiteClock "0:00:09"]
[BlackClock "0:00:11"]
[Board "62"]

1. c3 e5 2. d4 Nc6 3. Nf3 e4 4. Nfd2 f5 5. d5 Ne5 6. Nb3 Nf6 7. Bf4 Ng6 8. e3 Nxf4 9. exf4 Bd6 10. g3 O-O 11. N1d2 Re8 12. Nc4 Bf8 13. Ne3 g6 14. Be2 d6 15. O-O c5 16. a4 Re7 17. Nd2 Rg7 18. Ndc4 h6 19. h4 g5 20. hxg5 hxg5 21. fxg5 Rxg5 22. Ng2 Qd7 23. b4 cxb4 24. cxb4 Qh7 25. Qd2 Rg6 26. Qf4 Nxd5 27. Qd2 Be6 28. Ra3 Rc8 29. Nce3 Rh6 30. Nh4 Nf4 31. Neg2 Nxe2+ 32. Qxe2 Bc4 33. Qc2 d5 34. Rc1 Bxb4 35. Raa1 Bd6 36. Qd2 f4 37. Nxf4 Rxh4 38. gxh4 Qxh4 39. Rxc4 Qg5+ 40. Kf1 Rxc4 41. Qxd5+ Qxd5 42. Nxd5 Kf7 43. Rb1 b6 44. a5 bxa5 45. Rb7+ Ke6 46. Ne3 Bc5 47. Nxc4 a4 48. Rb5 Kd5 49. Nd2 a3 50. Nxe4 a2 51. Rxc5+ Kxe4 52. Ra5 Kf3 53. Rxa2 a5 54. Rxa5 1-0


[Site "https://www.chess.com"]

[Event "Titled Tuesday Blitz June 20 Early 2023"]
[White "Quesada Perez, Yuniesky"]
[Black "Toncheva, Nadya"]
[WhiteFideId "3504409"]
[BlackFideId "2924056"]
[WhiteElo "2585"]
[BlackElo "2101"]
[Result "1-0"]
[Round "1"]
[TimeControl "180+2"]
[Date "2023.06.20"]
[WhiteClock "0:00:11"]
[BlackClock "0:00:00"]
[Board "63"]

1. e4 c5 2. Nf3 Nc6 3. Bb5 e6 4. c3 Nge7 5. Qe2 a6 6. Ba4 b5 7. Bc2 d5 8. e5 d4 9. Be4 Bb7 10. O-O Nd5 11. d3 Be7 12. cxd4 Nxd4 13. Nxd4 cxd4 14. Qg4 g6 15. Bh6 Qb6 16. Qg3 O-O-O 17. a4 Kb8 18. axb5 axb5 19. Nd2 Rc8 20. Nf3 Rc2 21. Rab1 Rhc8 22. Ng5 Bxg5 23. Bxg5 Nb4 24. Be7 Bxe4 25. Bxb4 Bd5 26. Bd6+ Kb7 27. b4 R2c6 28. Qf4 f5 29. Bc5 Qd8 30. Ra1 Ra8 31. Qxd4 Rca6 32. Rxa6 Rxa6 33. h4 Ra3 34. Bd6 Qb6 35. Bc5 Qd8 36. Rc1 Ra8 37. f3 Rc8 38. Kh2 Ra8 39. Rc2 Bc6 40. Bd6 Rc8 41. Qf4 Bd5 42. Bc5 Ra8 43. Bf2 Rc8 44. Rxc8 Qxc8 45. Qe3 Qd7 46. Qa7+ Kc8 47. Qc5+ Kd8 48. Qf8+ Kc7 49. Bc5 Kb7 50. Bd6 Qc8 51. Qe7+ Ka6 52. Qxh7 Qc2 53. Bc5 Bb7 54. Qc7 1-0


[Site "https://www.chess.com"]

[Event "Titled Tuesday Blitz June 20 Early 2023"]
[White "DanyKopy"]
[Black "Kravtsiv, Martyn"]
[BlackFideId "14113147"]
[WhiteElo "2473"]
[BlackElo "2695"]
[Result "0-1"]
[Round "1"]
[TimeControl "180+2"]
[Date "2023.06.20"]
[WhiteClock "0:00:05"]
[BlackClock "0:01:26"]
[Board "64"]

1. e4 e5 2. Nf3 Nc6 3. Bb5 Bc5 4. c3 Nf6 5. O-O O-O 6. d4 Bb6 7. Re1 d6 8. h3 Bd7 9. Be3 Nxd4 10. cxd4 Bxb5 11. dxe5 dxe5 12. Nc3 Qe8 13. Bg5 Bc6 14. Bxf6 gxf6 15. Nh4 Kh8 16. Nf5 Qe6 17. Qh5 Rg8 18. Rad1 Rg5 19. Qh6 Rag8 20. g4 Rxf5 21. exf5 Qxf5 22. Rd2 Rxg4+ 23. hxg4 Qxg4+ 24. Kf1 Bg2+ 25. Kg1 Bf3+ 26. Kf1 Qg2# 0-1


[Site "https://www.chess.com"]

[Event "Titled Tuesday Blitz June 20 Early 2023"]
[White "Gadimbayli, Abdulla"]
[Black "Zaitsev, Alexander"]
[WhiteFideId "13404938"]
[BlackFideId "4164490"]
[WhiteElo "2386"]
[BlackElo "2373"]
[Result "1-0"]
[Round "1"]
[TimeControl "180+2"]
[Date "2023.06.20"]
[WhiteClock "0:01:41"]
[BlackClock "0:00:00"]
[Board "65"]

1. e4 c5 2. Nf3 g6 3. d4 cxd4 4. Qxd4 Nf6 5. Nc3 Nc6 6. Qa4 d6 7. e5 dxe5 8. Nxe5 Bd7 9. Nxd7 Nxd7 10. Be3 Bg7 11. Bb5 O-O 12. O-O Rc8 13. Rad1 a6 14. Be2 Bxc3 15. bxc3 Qc7 16. Rfe1 Rfd8 17. Rb1 Nce5 18. Qh4 Qxc3 19. Qxe7 Qxc2 20. Rxb7 Re8 21. Qh4 Qxa2 22. h3 Qd5 23. Ra7 Nc4 24. Bxc4 Rxc4 25. Rxd7 Rxe3 26. Qd8+ Kg7 27. Rxd5 1-0


[Site "https://www.chess.com"]

[Event "Titled Tuesday Blitz June 20 Early 2023"]
[White "Vafin, Ayrat"]
[Black "Hambleton, Aman"]
[WhiteFideId "4146530"]
[BlackFideId "2606577"]
[WhiteElo "2317"]
[BlackElo "2511"]
[Result "1-0"]
[Round "1"]
[TimeControl "180+2"]
[Date "2023.06.20"]
[WhiteClock "0:00:13"]
[BlackClock "0:00:01"]
[Board "66"]

1. Nf3 d5 2. g3 c6 3. Bg2 Bf5 4. O-O e6 5. d3 h6 6. c4 Nf6 7. Be3 dxc4 8. dxc4 Qxd1 9. Rxd1 Nbd7 10. Nc3 a5 11. Rac1 Bc5 12. Bd2 e5 13. Be1 Ke7 14. Na4 Bd6 15. c5 Bc7 16. Nd2 Rhd8 17. Nc4 h5 18. h3 g5 19. Nab6 Bxb6 20. cxb6 Be6 21. Nxa5 Nxb6 22. Rxd8 Rxd8 23. Nxb7 Rc8 24. Bb4+ Ke8 25. Nd6+ Kd7 26. Nxc8 Nxc8 27. Bxc6+ Kd8 28. Ba5+ Ke7 29. Bb7 Nd6 30. Bb4 Bd5 31. Bxd5 Nxd5 32. Bxd6+ Kxd6 33. a4 e4 34. a5 Nb4 35. Rc4 Na6 36. Rxe4 f5 37. Re8 f4 38. Rh8 Kc5 39. Rxh5 fxg3 40. Rxg5+ Kc4 41. fxg3 Kb4 42. h4 Nc7 43. h5 Ne6 44. Re5 Nc7 45. h6 Kb3 46. h7 Ka2 47. h8=Q Na6 48. Qf6 Nb4 49. Qe6+ Kb1 50. Rb5 Nc2 51. Qe4 Ka2 52. Qxc2 Ka1 53. Rb4 Ka2 54. Ra4# 1-0


[Site "https://www.chess.com"]

[Event "Titled Tuesday Blitz June 20 Early 2023"]
[White "Dehtiarov, Roman"]
[Black "Vovk, Orest"]
[WhiteFideId "14186640"]
[BlackFideId "14113490"]
[WhiteElo "2189"]
[BlackElo "2215"]
[Result "0-1"]
[Round "1"]
[TimeControl "180+2"]
[Date "2023.06.20"]
[WhiteClock "0:00:00"]
[BlackClock "0:00:12"]
[Board "67"]

1. c4 g5 2. d4 h6 3. Nc3 Bg7 4. e4 c5 5. d5 Bxc3+ 6. bxc3 d6 7. Be2 Qa5 8. Bd2 Nf6 9. Qc2 Nbd7 10. h4 Rg8 11. hxg5 hxg5 12. Nh3 g4 13. Nf4 g3 14. f3 Ne5 15. Nh5 Nxh5 16. Rxh5 Bd7 17. Rb1 O-O-O 18. Bf4 Rh8 19. Rxh8 Rxh8 20. Bxg3 Rh1+ 21. Kd2 Rh8 22. Ke3 Qd8 23. Kf2 Qg8 24. Qd2 Qg7 25. Qf4 Ng6 26. Qg5 Qxc3 27. Qe3 Qg7 28. Qd2 b6 29. a4 Rg8 30. Rh1 Ne5 31. Qf4 Nxc4 32. Bxc4 Qd4+ 33. Qe3 Qxc4 0-1


[Site "https://www.chess.com"]